 Dungeon Crawl Stone Soup version 0.17.0-28-g6e173f8 (webtiles) character file.

47467 HolyRage the Thaumaturge (level 14, -7/84 HPs)
             Began as a High Elf Fire Elementalist on Dec 1, 2015.
             Was a High Priest of Vehumet.
             Mangled by a death yak (26 damage)
             ... on level 8 of the Lair of Beasts.
             The game lasted 03:42:43 (25174 turns).

HolyRage the Thaumaturge (HEFE)                    Turns: 25174, Time: 03:42:43

Health: -7/84      AC: 10    Str:  7    XL:     14   Next: 8%
Magic:  3/32       EV: 18    Int: 24    God:    Vehumet [*****.]
Gold:   986        SH:  4    Dex: 17    Spells: 8 memorised, 5 levels left

rFire  + + .     SeeInvis +     w - staff of fire
rCold  x . .     Clarity  .     F - +0 robe of Leopsi {SInv}
rNeg   . . .     SustAt   .     l - +0 buckler
rPois  +         Gourm    .     q - +2 hat
rElec  .         Spirit   .     J - +2 cloak
rCorr  .         Warding  .     (no gloves)
rMut   .         Stasis   .     a - +2 pair of boots
MR     +....                    (no amulet)
Stlth  ++........               j - ring of poison resistance
                                X - ring of fire

@: drained, somewhat resistant to hostile enchantments, unstealthy
A: no striking features
a: Renounce Religion


You were on level 8 of the Lair of Beasts.
You worshipped Vehumet.
Vehumet was extremely pleased with you.
You were not hungry.

You visited 2 branches of the dungeon, and saw 18 of its levels.
You also visited: Labyrinth and Ossuary.

You collected 986 gold pieces.

Inventory:

Hand Weapons
 r - a +2 hunting sling of velocity
 y - a +0 demon blade
 C - the +4 whip "Podd" {pain, Str-2 Int+4 Dex+3}
   (You found it on level 5 of the Dungeon)

   In the hands of one skilled in necromantic magic, it inflicts extra damage on
   living creatures.
   It affects your strength (-2).
   It affects your intelligence (+4).
   It affects your dexterity (+3).
 W - a +1 whip of electrocution
Missiles
 s - 485 stones (quivered)
Armour
 a - a +2 pair of boots (worn)
 l - a +0 buckler (worn)
 q - a +2 hat (worn)
 F - the +0 robe of Leopsi (worn) {SInv}
   (You found it on level 6 of the Dungeon)

   It lets you see invisible.
 J - a +2 cloak (worn)
Magical Staves
 w - an uncursed staff of fire (weapon)
 O - an uncursed staff of wizardry
Jewellery
 g - an uncursed ring of fire
 j - a ring of poison resistance (right hand)
 m - an uncursed ring of protection from cold
 P - an uncursed ring of protection from magic
 X - a ring of fire (left hand)
Wands
 t - a wand of fire (8)
 B - a wand of fireball (11)
 H - a wand of digging (11)
Scrolls
 f - 7 scrolls of remove curse
 h - 5 scrolls of teleportation
 n - a scroll of amnesia
 I - a scroll of immolation
 Q - a scroll of magic mapping
 R - a scroll of enchant armour
 T - 2 scrolls of fog
 U - a scroll of fear
Potions
 d - 6 potions of brilliance
 e - 3 potions of cure mutation
 i - 2 potions of might
 k - 2 potions of heal wounds
 o - 8 potions of haste
 u - a potion of lignification
 v - 11 potions of curing
 A - a potion of magic
 D - a potion of ambrosia
 E - 5 potions of agility
 K - 2 potions of invisibility
 N - 2 potions of cancellation {unknown}
 V - a potion of resistance {unknown}
Books
 b - a book of Flames

   Spells                             Type                      Level
   a - Flame Tongue                   Conjuration/Fire             1
   b - Throw Flame                    Conjuration/Fire             2
   c - Conjure Flame                  Conjuration/Fire             3
   d - Inner Flame                    Hexes/Fire                   3
   e - Sticky Flame                   Conjuration/Fire             4
   f - Fireball                       Conjuration/Fire             5
 G - a book of Fire

   Spells                             Type                      Level
   a - Ignite Poison                  Fire/Transmutation/Poison    3
   b - Fireball                       Conjuration/Fire             5
   c - Bolt of Fire                   Conjuration/Fire             6
   d - Delayed Fireball               Conjuration/Fire             7
   e - Ring of Flames                 Charms/Fire                  7
 L - Vaeh's Incunabulum of Vitriolic Arcane Weapons
   (You found it in a labyrinth)

   Spells                             Type                      Level
   a - Cure Poison                    Poison                       2
   b - Ignite Poison                  Fire/Transmutation/Poison    3
   c - Bolt of Draining               Conjuration/Necromancy       5
   d - Irradiate                      Conjuration/Transmutation    5
   e - Freezing Cloud                 Conjuration/Ice/Air          6
   f - Poisonous Cloud                Conjuration/Poison/Air       6
   g - Bolt of Cold                   Conjuration/Ice              6
   h - Spellforged Servitor           Conjuration/Summoning        7
 Y - a book of Burglary

   Spells                             Type                      Level
   a - Swiftness                      Charms/Air                   2
   b - Passwall                       Transmutation/Earth          3
   c - Passage of Golubria            Translocation                4
   d - Lee's Rapid Deconstruction     Earth                        5
   e - Darkness                       Hexes                        6
   f - Invisibility                   Hexes                        6
 Z - a book of Party Tricks

   Spells                             Type                      Level
   a - Summon Butterflies             Summoning                    1
   b - Apportation                    Translocation                1
   c - Tukima's Dance                 Hexes                        3
   d - Alistair's Intoxication        Transmutation/Poison         4
   e - Invisibility                   Hexes                        6
Comestibles
 c - 9 bread rations
 p - 7 meat rations
 x - a slice of pizza
 z - 2 beef jerkies
 M - 18 royal jellies
 S - 2 chunks of flesh


   Skills:
 * Level 3.8(3.7) Fighting
 - Level 1.6(2.4) Maces & Flails
 * Level 3.4(3.7) Staves
 - Level 0.7(0.6) Slings
 * Level 2.7(2.6) Armour
 * Level 9.1(9.0) Dodging
 - Level 2.1 Stealth
 * Level 1.7 Shields
 + Level 13.7(13.6) Spellcasting
 + Level 12.7 Conjurations
 - Level 0.4(0.3) Hexes
 + Level 12.4 Fire Magic
 + Level 1.0 Air Magic
 * Level 4.9(4.8) Earth Magic
 * Level 3.3(3.2) Evocations


You had 5 spell levels left.
You knew the following spells:

 Your Spells              Type           Power        Failure   Level  Hunger
b - Conjure Flame         Conj/Fire      ########     1%          3    None
c - Sticky Flame          Conj/Fire      ########     1%          4    None
d - Inner Flame           Hex/Fire       #######.     1%          3    None
e - Fireball              Conj/Fire      ########..   1%          5    ###....
f - Mephitic Cloud        Conj/Pois/Air  #####...     1%          3    None
h - Lee's Rapid Deconstr  Erth           #####.....   5%          5    ###....
i - Bolt of Fire          Conj/Fire      ########..   1%          6    #####..
j - Iron Shot             Conj/Erth      ######....   5%          6    #####..


Dungeon Overview and Level Annotations

Branches:
Dungeon (10/15)            Temple (0/1) D:5            Lair (8/8) D:10
  Swamp (0/4) Lair:4       Spider (0/4) Lair:6        Slime (0/6) Lair:6
    Orc: D:9-12

Altars:
Ashenzari
Cheibriados
Dithmenos
Elyvilon
Fedhas
Gozag
Nemelex Xobeh
Okawaru
Qazlal
Ru
Vehumet
Yredelemnul
The Shining One
Jiyva

Shops:
D:4 [   D:7 [

Annotations:
Lair:2 Nicoed's ghost, journeyman DrTm
Lair:7 Nicoed's ghost, journeyman DrTm


Message History

Vehumet accepts your kill.
You feel your power returning.
Casting: Sticky Flame
Confirm with . or Enter, or press ? or * to list all spells.
Aiming: Sticky Flame
Press: ? - help, Shift-Dir - straight line, f - death yak
Aim: a death yak You feel a strong surge of power!
The sticky flame hits the death yak.
The death yak is lightly wounded.
The death yak is covered in liquid flames!
The death yak burns!
The death yak completely misses you.
Casting: Sticky Flame
Confirm with . or Enter, or press ? or * to list all spells.
You don't have enough magic to cast that spell.
Unknown command.
You hit the death yak but do no damage.
The death yak is lightly wounded.
The death yak burns! x2
The death yak gores you!!
You die...

... ##........
..PP##.........
.PPP#..........
PP...P#P.....
..P.....Y...
#..........
#P..Y...##
###.....Y..#
#@#.<.......
##Y......PP#
##.......##
#.#......#
#........##
##.......#
#P.....#.[.
.......#...
#........ ..


You could see a death yak (burning).

Vanquished Creatures
  Maud (Lair:4)
  A minotaur (Lab)
  2 hydras
  Erolcha (D:7)
  2 death yaks (Lair:8)
  2 wolf spiders (Lair:6)
  8 oklob plants (Lair:2)
  A necromancer (Lair:3)
  15 elephants
  3 black mambas
  11 spiny frogs
  9 komodo dragons
  2 fire drakes (Lair:6)
  2 queen bees
  16 blink frogs
  2 slime creatures (D:9)
  A deep elf mage (D:9)
  2 wyverns (D:10)
  3 redbacks (Lair:6)
  2 shadows (Lab)
  7 hippogriffs
  59 yaks
  3 basilisks
  12 water moccasins
  9 wolves
  Duvessa (D:7)
  2 phantoms
  A wasp (Lair:5)
  A sky beast (D:7)
  12 porcupines
  5 ice beasts
  4 ogres
  5 centaurs
  7 crocodiles
  14 giant frogs
  2 big kobolds
  A gnoll sergeant (D:8)
  6 water moccasin zombies (Ossuary)
  A wyvern zombie (D:10)
  A scorpion (D:9)
  Dowan (D:7)
  36 killer bees
  An electric eel (Lair:1)
  A crimson imp (D:5)
  3 orc priests
  A giant frog zombie (D:5)
  A jelly (D:5)
  Crazy Yiuf (D:7)
  7 hounds
  A giant frog skeleton (D:5)
  5 hell rats (Lair:6)
  10 worker ants
  13 iguanas
  7 orc wizards
  3 polar bear simulacra (Lair:3)
  2 wolf simulacra (Lair:3)
  2 sheep (D:10)
  5 yak simulacra (Lair:3)
  2 big kobold zombies (Ossuary)
  A hound skeleton (D:9)
  2 mummies (Ossuary)
  13 adders
  6 gnolls
  46 river rats
  A shadow imp (D:7)
  12 white imps (Lair:3)
  An ooze (D:7)
  6 adder zombies
  5 adder skeletons
  3 worms (D:2)
  7 giant geckos
  32 orcs
  3 ball pythons
  10 goblins
  13 hobgoblins
  23 jackals
  8 bats
  4 giant cockroaches
  2 giant newts (D:2)
  2 hobgoblin zombies (Ossuary)
  A jackal skeleton (D:8)
  A jackal zombie (D:6)
  20 kobolds
  4 kobold zombies (Ossuary)
  7 orc zombies (Ossuary)
  2 quokkas
  7 rats
  2 bushes (Lair:5)
  3 fungi
  29 plants
617 creatures vanquished.

Vanquished Creatures (others)
  A two-headed ogre (D:10)
  2 bushes
  32 fungi
  33 plants
68 creatures vanquished.

Grand Total: 685 creatures vanquished

Notes
Turn   | Place    | Note
--------------------------------------------------------------
     0 | D:1      | HolyRage the High Elf Fire Elementalist began the quest for the Orb.
     0 | D:1      | Reached XP level 1. HP: 11/11 MP: 4/4
   160 | D:1      | Found a sparkling altar of Nemelex Xobeh.
   240 | D:1      | Reached XP level 2. HP: 17/17 MP: 4/6
   957 | D:1      | Reached XP level 3. HP: 21/21 MP: 5/8
  1403 | D:2      | Found a glowing golden altar of the Shining One.
  2165 | D:2      | Reached skill level 4 in Fire Magic
  2165 | D:2      | Reached XP level 4. HP: 27/27 MP: 6/10
  2757 | D:3      | Found a shadowy altar of Dithmenos.
  2854 | D:3      | Found an opulent altar of Gozag.
  3468 | D:4      | Found Ysinavy's Armour Boutique.
  3879 | D:4      | Found a sacrificial altar of Ru.
  3888 | D:4      | Reached XP level 5. HP: 19/31 MP: 2/11
  4146 | D:4      | Learned a level 3 spell: Conjure Flame
  4151 | D:4      | Learned a level 4 spell: Sticky Flame
  4155 | D:4      | Learned a level 3 spell: Inner Flame
  4250 | D:5      | Entered Level 5 of the Dungeon
  4250 | D:5      | Found a radiant altar of Vehumet.
  4354 | D:5      | Became a worshipper of Vehumet
  4572 | D:5      | Noticed a phantom
  4603 | D:5      | Reached XP level 6. HP: 23/36 MP: 5/13
  4684 | D:5      | Killed a phantom
  4809 | D:5      | Got a crystal whip
  4815 | D:5      | Found a sand-covered staircase.
  4819 | Ossuary  | Entered an ossuary
  5014 | Ossuary  | Reached skill level 5 in Fire Magic
  5179 | Ossuary  | Reached skill level 5 in Spellcasting
  5191 | Ossuary  | Reached XP level 7. HP: 41/41 MP: 2/15
  5297 | Ossuary  | Reached * piety under Vehumet
  5297 | Ossuary  | Offered knowledge of Sandblast by Vehumet.
  5381 | Ossuary  | Identified the +4 whip "Podd" {pain, Str-2 Int+4 Dex+3} (You found it on level 5 of the Dungeon)
  5843 | D:5      | Reached skill level 5 in Conjurations
  5924 | D:5      | Learned a level 5 spell: Fireball
  5947 | D:5      | Reached skill level 6 in Spellcasting
  6122 | D:5      | Found a staircase to the Ecumenical Temple.
  6122 | D:5      | Noticed an ogre
  6402 | D:6      | Got a slimy robe
  6413 | D:6      | Identified the +0 robe of Leopsi {SInv} (You found it on level 6 of the Dungeon)
  6559 | D:6      | Reached XP level 8. HP: 46/46 MP: 13/18
  6645 | D:6      | Offered knowledge of Searing Ray by Vehumet.
  6646 | D:6      | Reached ** piety under Vehumet
  6880 | D:5      | Noticed a centaur
  7277 | D:7      | Found Engaifad's Armour Shoppe.
  7292 | D:7      | Noticed Dowan
  7311 | D:7      | Killed Dowan
  7396 | D:7      | Noticed Crazy Yiuf
  7403 | D:7      | Killed Crazy Yiuf
  7721 | D:7      | Reached skill level 1 in Fighting
  7877 | D:7      | Reached skill level 1 in Maces & Flails
  8128 | D:7      | Noticed Duvessa
  8164 | D:7      | Killed Duvessa
  8164 | D:7      | Reached skill level 7 in Spellcasting
  8398 | D:5      | Killed a centaur
  8473 | D:5      | Killed an ogre
  8807 | D:7      | Offered knowledge of Mephitic Cloud by Vehumet.
  8824 | D:7      | Learned a level 3 spell: Mephitic Cloud
  8838 | D:8      | Noticed Erolcha
  8949 | D:7      | Killed Erolcha
  8949 | D:7      | Reached skill level 8 in Spellcasting
  8949 | D:7      | Reached XP level 9. HP: 36/53 MP: 5/22
  9043 | D:8      | Found an iron altar of Okawaru.
  9044 | D:8      | Reached *** piety under Vehumet
  9101 | D:8      | Found a white marble altar of Elyvilon.
  9272 | D:8      | Found a stormy altar of Qazlal.
  9443 | D:8      | Found a basalt altar of Yredelemnul.
  9505 | D:8      | Found a shattered altar of Ashenzari.
  9505 | D:8      | Found a blossoming altar of Fedhas.
  9506 | D:8      | Found a snail-covered altar of Cheibriados.
  9619 | D:8      | Found a snail-covered altar of Cheibriados.
  9668 | D:8      | Reached skill level 5 in Dodging
 10325 | D:9      | Reached XP level 10. HP: 60/60 MP: 3/23
 10613 | D:9      | Learned a level 2 spell: Cure Poison
 10639 | D:9      | Offered knowledge of Force Lance by Vehumet.
 11038 | D:8      | Reached skill level 9 in Spellcasting
 11285 | D:10     | Entered Level 10 of the Dungeon
 11710 | D:10     | Reached **** piety under Vehumet
 11975 | D:10     | Offered knowledge of Lee's Rapid Deconstruction by Vehumet.
 12058 | D:10     | Found a stormy altar of Qazlal.
 12182 | D:10     | Noticed an elephant
 12194 | D:10     | Killed an elephant
 12194 | D:10     | Reached skill level 10 in Spellcasting
 12375 | D:10     | Found a staircase to the Lair.
 12534 | D:10     | Reached XP level 11. HP: 64/64 MP: 21/26
 13166 | Lair:1   | Entered Level 1 of the Lair of Beasts
 13265 | Lair:1   | Noticed a seven-headed hydra
 13268 | Lair:1   | Killed a seven-headed hydra
 13268 | Lair:1   | Reached skill level 10 in Fire Magic
 13413 | Lair:1   | Reached skill level 10 in Conjurations
 14370 | Lair:2   | Noticed Nicoed's ghost (journeyman DrTm)
 14609 | Lair:2   | Reached skill level 1 in Air Magic
 14678 | Lair:1   | Reached skill level 11 in Spellcasting
 15635 | Lair:2   | Reached skill level 12 in Spellcasting
 15635 | Lair:2   | Reached XP level 12. HP: 47/70 MP: 6/29
 15750 | Lair:2   | Learned a level 5 spell: Lee's Rapid Deconstruction
 16176 | Lair:2   | Reached skill level 1 in Earth Magic
 16709 | Lair:2   | Identified a scroll of acquirement
 16843 | Lair:3   | Reached ***** piety under Vehumet
 16843 | Lair:3   | Offered knowledge of Throw Icicle by Vehumet.
 18110 | Lair:3   | Reached skill level 13 in Spellcasting
 19375 | Lair:4   | Found a staircase to the Swamp.
 19499 | Lair:4   | Noticed an eight-headed hydra
 19504 | Lair:4   | Killed an eight-headed hydra
 19961 | Lair:4   | Reached XP level 13. HP: 75/75 MP: 12/31
 20210 | Lair:4   | Noticed Maud
 20215 | Lair:4   | Killed Maud
 20860 | Lair:5   | Offered knowledge of Poison Arrow by Vehumet.
 20985 | Lair:5   | Reached skill level 1 in Staves
 21159 | Lair:5   | Reached skill level 1 in Armour
 21166 | Lair:5   | Reached skill level 1 in Evocations
 22191 | Lair:5   | Learned a level 6 spell: Bolt of Fire
 22852 | Lair:6   | Found a labyrinth entrance.
 22861 | Lab      | Entered a labyrinth
 23329 | Lab      | Identified Vaeh's Incunabulum of Vitriolic Arcane Weapons (You found it in a labyrinth)
 23719 | Lair:6   | Reached skill level 1 in Shields
 24068 | Lair:6   | Found a hole to the Spider Nest.
 24319 | Lair:6   | Found a viscous altar of Jiyva.
 24319 | Lair:6   | Found a staircase to the Slime Pits.
 25099 | Lair:7   | Reached XP level 14. HP: 84/84 MP: 29/32
 25104 | Lair:7   | Noticed Nicoed's ghost (journeyman DrTm)
 25126 | Lair:8   | Entered Level 8 of the Lair of Beasts
 25128 | Lair:8   | Offered knowledge of Iron Shot by Vehumet.
 25145 | Lair:8   | Learned a level 6 spell: Iron Shot
 25174 | Lair:8   | Mangled by a death yak

Action                   |  1- 3 |  4- 6 |  7- 9 | 10-12 | 13-15 || total
-------------------------+-------+-------+-------+-------+-------++-------
Melee: Whip              |    41 |    35 |    86 |       |       ||   162
       Staff             |       |       |       |   114 |    36 ||   150
 Fire: Hunting sling     |       |    20 |     6 |       |       ||    26
Throw: Stone             |       |     1 |     7 |       |       ||     8
 Cast: Flame Tongue      |    73 |   120 |   166 |   315 |    88 ||   762
       Conjure Flame     |       |     2 |    14 |     8 |     1 ||    25
       Inner Flame       |       |     1 |     1 |     1 |       ||     3
       Fireball          |       |       |    18 |   119 |    63 ||   200
       Sticky Flame      |       |       |    15 |    85 |    48 ||   148
       Mephitic Cloud    |       |       |     1 |     3 |       ||     4
       Bolt of Fire      |       |       |       |       |    14 ||    14
Evoke: Wand              |       |     4 |       |       |     1 ||     5
  Use: Scroll            |     1 |     6 |    11 |     9 |     7 ||    34
       Potion            |       |     3 |     3 |     1 |       ||     7
  Eat: Chunk             |     4 |     8 |    16 |    33 |    21 ||    82
       Meat ration       |       |       |     1 |     1 |       ||     2
       Beef jerky        |       |       |       |     3 |       ||     3
       Pizza             |       |       |       |     2 |     2 ||     4
